[Event "Romanian Superliga Women 2024"]
[Site "Mamaia"]
[Date "2024.10.03"]
[Round "4.1"]
[White "Stanciu, Andreea-Briana"]
[Black "Bulmaga, Irina"]
[Result "0-1"]
[ECO "A47"]
[WhiteElo "1957"]
[BlackElo "2406"]
[Annotator "RC"]
[PlyCount "88"]
[EventDate "2024.09.26"]
[EventType "team-tourn"]
[EventCountry "ROU"]
[SourceTitle "playchess.com"]
[Source "ChessBase"]
[SourceQuality "1"]
[TimeControl "40/5400+30:1800+30"]

1. d4 Nf6 2. Bf4 e6 3. Nf3 b6 4. e3 Bb7 5. Nbd2 g6 6. Bd3 Bg7 7. e4 d6 8. O-O O-O 9. h3 Nc6 10. c3 e5 11. Bh2 Nd7 12. dxe5 Ncxe5 13. Nxe5 Nxe5 14. Be2 Qe7 15. f4 Nd7 16. Qc2 Nc5 17. Bd3 a5 18. Rfe1 a4 19. Rad1 Qf6 20. e5 dxe5 21. fxe5 Qe6 22. Bc4 Qc6 23. Nf3 Ne6 24. Bd5 Qc5+ 25. Qf2 Bxd5 26. Qxc5 bxc5 27. Rxd5 Rfb8 28. Re2 Bh6 29. Ne1 c4 30. Rd7 a3 31. bxa3 Rxa3 32. Rc2 Rba8 33. Bg3 Rxa2 34. Bf2 Bf4 35. Rd5 R8a5 36. Rxa5 Rxa5 37. Nf3 Ra1+ 38. Be1 Bg3 39. Re2 Nf4 40. Re4 Nd3 41. Kf1 Kf8 42. e6 Bxe1 43. Nxe1 f5 44. Re2 Ke7 0-1

[Event "Romanian Superliga Women 2024"]
[Site "Mamaia"]
[Date "2024.10.03"]
[Round "4.2"]
[White "Fataliyeva, Ulviyya"]
[Black "Trifoi, Mihaela-Ioana"]
[Result "1-0"]
[ECO "D02"]
[WhiteElo "2378"]
[BlackElo "2016"]
[Annotator "TA"]
[PlyCount "63"]
[EventDate "2024.09.26"]
[EventType "team-tourn"]
[EventCountry "ROU"]
[SourceTitle "playchess.com"]
[Source "ChessBase"]
[SourceQuality "1"]
[TimeControl "40/5400+30:1800+30"]

1. d4 d5 2. Bf4 Nf6 3. e3 e6 4. Nf3 Bd6 5. Ne5 O-O 6. Nd2 c5 7. c3 Qc7 8. Bd3 Nc6 9. Ndf3 {[%emt 0:00:00] The position is equal.} Nd7 (9... c4 $11 {keeps the balance.} 10. Bc2 b5) 10. Ng5 $16 Nf6 {[%emt 0:12:20] [#]} 11. Ng4 $1 {[%emt 0:00:00] White is much more active. The black rooks are passive.} Ne4 12. Bxd6 Qxd6 13. Bxe4 (13. Nxe4 dxe4 14. Bxe4 f5 15. Bxc6 Qxc6 $11) 13... dxe4 14. Nxe4 Qe7 {[%emt 0:07:48] [#]} 15. Ne5 $1 {[%emt 0:00:00] aiming for Nxc6.} ({Worse is} 15. Nxc5 f5 $17) 15... Nxe5 16. dxe5 b6 {[%emt 0:00:23] Black is weak on the dark squares} 17. Qg4 {[%emt 0:00:00] And now Nf6+ would win.} Kh8 18. O-O-O Bb7 19. Ng3 f5 20. exf6 gxf6 21. e4 Bc6 22. Rd3 Rad8 23. Rhd1 {[%emt 0:00:00] Strongly threatening Rxd8.} Rxd3 24. Rxd3 Be8 25. Qf4 Kg7 26. h4 h6 27. Nf1 Kh7 (27... Bb5 $142) 28. Nh2 (28. Qd6 $18 Rf7 29. Ne3) 28... e5 $2 {[%emt 0:00:29] Loses the game.} (28... f5 $16 {was necessary.}) 29. Qf5+ $18 Kh8 30. Ng4 Qg7 (30... h5 $142) 31. Rd8 h5 32. Nxf6 {[%emt 0:00:00] Weighted Error Value: White=0.12 (very precise) /Black=0.31.  Mistake:       	White=1     	Black=4      Inaccurate:     	---       	Black=2      OK:         	White=8     	Black=5      Best:        	White=3     	---        Strong:       	White=2     	---} 1-0

[Event "Romanian Superliga Women 2024"]
[Site "Mamaia"]
[Date "2024.10.03"]
[Round "4.3"]
[White "Patru, Alexandra-Ioana"]
[Black "Navrotescu, Andreea"]
[Result "0-1"]
[ECO "E63"]
[WhiteElo "1832"]
[BlackElo "2281"]
[Annotator "RC"]
[PlyCount "58"]
[EventDate "2024.09.26"]
[EventType "team-tourn"]
[EventCountry "ROU"]
[SourceTitle "playchess.com"]
[Source "ChessBase"]
[SourceQuality "1"]
[TimeControl "40/5400+30:1800+30"]

1. d4 Nf6 2. Nf3 g6 3. g3 Bg7 4. Bg2 O-O 5. O-O d6 6. c4 Nc6 7. Nc3 a6 8. Re1 Rb8 9. e4 b5 10. b3 bxc4 11. bxc4 Na5 12. Qd3 c5 13. d5 Rb4 14. Nd2 Ng4 15. a3 Rb7 16. Nf3 Rb3 17. Bd2 f5 18. Rec1 fxe4 19. Qxe4 Rb2 20. Ra2 Bxc3 21. Rxb2 Bxb2 22. Re1 Nb3 23. Bg5 Bf6 24. Bh3 Nxf2 25. Be6+ Kg7 26. Qh4 Bxe6 27. dxe6 Qa8 28. Re3 Bxg5 29. Qxg5 Nh3+ 0-1

[Event "Romanian Superliga Women 2024"]
[Site "Mamaia"]
[Date "2024.10.03"]
[Round "4.5"]
[White "Hoanca, Alexia-Ioana"]
[Black "Semenova, Vasylyna"]
[Result "1-0"]
[ECO "B12"]
[WhiteElo "1962"]
[BlackElo "1887"]
[Annotator "NA RC"]
[PlyCount "83"]
[EventDate "2024.09.26"]
[EventType "team-tourn"]
[EventCountry "ROU"]
[SourceTitle "playchess.com"]
[Source "ChessBase"]
[SourceQuality "1"]
[TimeControl "40/5400+30:1800+30"]

1. e4 c6 2. d4 d5 3. e5 c5 4. dxc5 Nc6 5. f4 e6 6. Be3 d4 7. Bf2 Bxc5 8. Nd2 Nge7 9. Qf3 b6 10. a3 a5 11. Bd3 Bb7 12. Ne2 Qd7 13. Ne4 Ng6 14. O-O O-O 15. h4 Kh8 16. Ng5 h6 17. Qh5 Kg8 18. Nxf7 Qxf7 19. Bxg6 Qe7 20. Be4 Qf7 21. Qg4 Rac8 22. Bg6 Qe7 23. Ng3 Kh8 24. Bd3 Qf7 25. Nh5 Ne7 26. Qe2 Ng6 27. Bg3 Ne7 28. Kh2 Nf5 29. Bf2 Be7 30. g4 Nxh4 31. Bxh4 Bxh4 32. f5 Rcd8 33. Nf4 exf5 34. Bxf5 Rfe8 35. Ng6+ Kg8 36. Nxh4 Qd5 37. Ng6 d3 38. Bxd3 Rc8 39. Rf8+ Rxf8 40. Ne7+ Kh8 41. Nxd5 Bxd5 42. Rf1 1-0

[Event "Romanian Superliga Women 2024"]
[Site "Mamaia"]
[Date "2024.10.03"]
[Round "4.6"]
[White "Sunea, Sara Maria"]
[Black "Batagan, Ilinca-Petra"]
[Result "0-1"]
[ECO "D02"]
[WhiteElo "1871"]
[BlackElo "1935"]
[Annotator "NA RC"]
[PlyCount "128"]
[EventDate "2024.09.26"]
[EventType "team-tourn"]
[EventCountry "ROU"]
[SourceTitle "playchess.com"]
[Source "ChessBase"]
[SourceQuality "1"]
[TimeControl "40/5400+30:1800+30"]

1. d4 d5 2. Nf3 e6 3. Bf4 Nf6 4. e3 c5 5. Nbd2 Nc6 6. c3 cxd4 7. exd4 Nh5 8. Be3 Bd6 9. Ne5 g6 10. f4 f6 11. Nd3 Ng7 12. Nf3 Bd7 13. Be2 Qc7 14. g3 O-O 15. O-O Nf5 16. Bf2 Na5 17. Re1 Nc4 18. Bf1 Be7 19. Bh3 Ncd6 20. Nc5 Qc8 21. Qe2 Kf7 22. g4 Ng7 23. g5 Ngf5 24. Bg2 b6 25. Nd3 Bb5 26. gxf6 Bxf6 27. Nde5+ Kg7 28. Qc2 Ne4 29. a4 Ba6 30. Ng4 Nfd6 31. Bg3 Nf5 32. Bf2 Nfd6 33. Rac1 Rb8 34. Nd2 Nxf2 35. Nxf2 Bh4 36. Nh3 Bxe1 37. Rxe1 h6 38. Nf3 Nf5 39. Qd2 Rb7 40. Nf2 Re7 41. Ng4 Ree8 42. Nge5 Qd8 43. Kh1 Nd6 44. Bh3 Ne4 45. Qg2 Qf6 46. Nd7 Qxf4 47. Nxf8 Rxf8 48. Bg4 Qxg4 49. Qxg4 Nf2+ 50. Kg2 Nxg4 51. Rxe6 Bc8 52. Re7+ Rf7 53. Re8 Bd7 54. Ra8 Bxa4 55. h3 Bd1 56. hxg4 Bxf3+ 57. Kg3 Be4 58. b4 Kf6 59. Kf4 Ke6+ 60. Kg3 Rf3+ 61. Kh2 Rxc3 62. Rxa7 Rb3 63. Rh7 Rxb4 64. Rxh6 Rxd4 0-1

[Event "Romanian Superliga Women 2024"]
[Site "Mamaia"]
[Date "2024.10.03"]
[Round "4.7"]
[White "Sariteanu, Sabina"]
[Black "Bitca, Emilia"]
[Result "1/2-1/2"]
[ECO "B47"]
[WhiteElo "1815"]
[BlackElo "1865"]
[Annotator "NA RC"]
[PlyCount "95"]
[EventDate "2024.09.26"]
[EventType "team-tourn"]
[EventCountry "ROU"]
[SourceTitle "playchess.com"]
[Source "ChessBase"]
[SourceQuality "1"]
[TimeControl "40/5400+30:1800+30"]

1. e4 c5 2. Nc3 e6 3. Nf3 Nc6 4. d4 cxd4 5. Nxd4 Qc7 6. Ndb5 Qb8 7. a4 a6 8. Na3 Nf6 9. Be3 Bb4 10. Nc4 Nxe4 11. Qg4 Nxc3 12. Qxg7 Nd5+ 13. c3 Rf8 14. cxb4 Nxe3 15. fxe3 Nxb4 16. Rd1 Nd5 17. e4 b5 18. exd5 bxc4 19. d6 Bb7 20. Bxc4 Qd8 21. O-O Qb6+ 22. Kh1 O-O-O 23. a5 Qa7 24. Rd2 Qa8 25. Qxh7 Be4 26. Qh3 Qc6 27. Rc1 Kb8 28. Rc3 Rg8 29. Bd5 Qxc3 30. Qxc3 Bxd5 31. Qc7+ Ka8 32. h3 Bc6 33. Qb6 Bb7 34. Kh2 Rc8 35. b4 Rg5 36. Qe3 Rcg8 37. g4 f5 38. Rd4 fxg4 39. Rxg4 Rxg4 40. hxg4 Rxg4 41. Qb6 Rg8 42. b5 axb5 43. Qxb5 Rg7 44. Kh3 Rf7 45. Kg4 Bf3+ 46. Kg3 Bb7 47. a6 Bc6 48. Qb6 1/2-1/2

[Event "Romanian Superliga Women 2024"]
[Site "Mamaia"]
[Date "2024.10.03"]
[Round "4.8"]
[White "Moldovan, Maia-Rut"]
[Black "Popovici, Bianca-Andrada-Maria"]
[Result "1-0"]
[ECO "D02"]
[WhiteElo "1778"]
[BlackElo "1533"]
[Annotator "NA RC"]
[PlyCount "187"]
[EventDate "2024.09.26"]
[EventType "team-tourn"]
[EventCountry "ROU"]
[SourceTitle "playchess.com"]
[Source "ChessBase"]
[SourceQuality "1"]
[TimeControl "40/5400+30:1800+30"]

1. d4 d5 2. Bf4 e6 3. e3 Bd6 4. Bg3 c5 5. c3 Qc7 6. Nf3 Nd7 7. Nbd2 Ngf6 8. Bd3 O-O 9. Bxd6 Qxd6 10. O-O e5 11. dxe5 Nxe5 12. Nxe5 Qxe5 13. Nf3 Qe7 14. Re1 Rb8 15. a4 a6 16. a5 Bd7 17. Qe2 Bc6 18. Reb1 Rfe8 19. b4 c4 20. Bc2 Ne4 21. Ra3 Qf6 22. Nd4 Nxc3 23. Rxc3 Qxd4 24. Bxh7+ Kf8 25. Qb2 Qf6 26. Bc2 Qg5 27. g3 Re6 28. Ra3 Rh6 29. Qd4 Qe7 30. Bd1 Re8 31. Bf3 Qe6 32. Bg2 Qd6 33. Ra2 Qe5 34. Rd2 Qxd4 35. Rxd4 Rd6 36. e4 c3 37. Rc1 Red8 38. exd5 Bxd5 39. Bxd5 Rxd5 40. Rxd5 Rxd5 41. Rxc3 Rb5 42. Rc4 Ke7 43. Kf1 Kd6 44. Ke2 Kd5 45. Kd3 g6 46. h4 Ke6 47. Re4+ Kd6 48. Rf4 Ke6 49. Kc4 f6 50. Re4+ Kf7 51. f3 f5 52. Rd4 Ke6 53. Rd8 Ke5 54. Rg8 Kf6 55. Re8 Kf7 56. Rc8 b6 57. axb6 Rxb6 58. Rc5 Ke6 59. Ra5 Kd6 60. Rd5+ Ke6 61. g4 fxg4 62. fxg4 Kf6 63. Rc5 Re6 64. Rd5 Rc6+ 65. Kd4 Rb6 66. Kc5 Rb5+ 67. Kc4 Rb6 68. Kb3 Ke6 69. Rc5 Kf6 70. Rg5 Re6 71. Rd5 Rb6 72. Ka4 Rc6 73. Rc5 Rb6 74. Ka5 Rd6 75. b5 axb5 76. Kxb5 Rd4 77. Rc6+ Kg7 78. Rc4 Rd5+ 79. Kc6 Re5 80. Kd6 Ra5 81. Ke6 Ra6+ 82. Ke5 Ra5+ 83. Kf4 Rb5 84. Rc7+ Kf8 85. Rd7 Kg8 86. Re7 Ra5 87. Re5 Rxe5 88. Kxe5 Kg7 89. Ke6 Kh6 90. Kf7 g5 91. Kf6 gxh4 92. g5+ Kh5 93. g6 h3 94. g7 1-0

[Event "Romanian Superliga Women 2024"]
[Site "Mamaia"]
[Date "2024.10.03"]
[Round "4.9"]
[White "Sandu, Mihaela"]
[Black "Raeva, Elitsa"]
[Result "0-1"]
[ECO "B52"]
[WhiteElo "2248"]
[BlackElo "2185"]
[Annotator "RC"]
[PlyCount "96"]
[EventDate "2024.09.26"]
[EventType "team-tourn"]
[EventCountry "ROU"]
[SourceTitle "playchess.com"]
[Source "ChessBase"]
[SourceQuality "1"]
[TimeControl "40/5400+30:1800+30"]

1. e4 c5 2. Nf3 d6 3. Bb5+ Bd7 4. Bxd7+ Qxd7 5. O-O Nc6 6. Re1 g6 7. c3 Bg7 8. d4 b6 9. h3 Rd8 10. Be3 Nf6 11. Nbd2 O-O 12. a4 cxd4 13. cxd4 d5 14. e5 Ne8 15. Nb3 a5 16. Nc1 Nc7 17. Nd3 Ne6 18. Rb1 Rc8 19. b4 axb4 20. Qb3 Nc7 21. Bd2 f6 22. Bxb4 Qf5 23. Rbd1 fxe5 24. Ndxe5 Bxe5 25. dxe5 Ne6 26. Bc3 Nf4 27. Re3 e6 28. Qxb6 Qc2 29. Qb1 Qxa4 30. Nd4 Nxd4 31. Rxd4 Qa6 32. Qf1 Qb6 33. Qe1 Rf7 34. Kh2 Qb5 35. Rb4 Qa6 36. Qd2 Qf1 37. f3 g5 38. h4 h6 39. Bb2 Rg7 40. Re1 Qd3 41. Rd1 Qg6 42. Rc1 Rxc1 43. Bxc1 Qh5 44. Rb8+ Kh7 45. Kg1 Qxh4 46. Qc2+ Ng6 47. Ba3 Qe1+ 48. Kh2 Qxe5+ 0-1

[Event "Romanian Superliga Women 2024"]
[Site "Mamaia"]
[Date "2024.10.03"]
[Round "4.10"]
[White "Pirvulescu, Ekaterina"]
[Black "Radeva, Viktoria"]
[Result "0-1"]
[ECO "B32"]
[WhiteElo "2083"]
[BlackElo "2297"]
[Annotator "RC"]
[PlyCount "134"]
[EventDate "2024.09.26"]
[EventType "team-tourn"]
[EventCountry "ROU"]
[SourceTitle "playchess.com"]
[Source "ChessBase"]
[SourceQuality "1"]
[TimeControl "40/5400+30:1800+30"]

1. e4 c5 2. Nf3 Nc6 3. d4 cxd4 4. Nxd4 e5 5. Nb5 d6 6. N1c3 a6 7. Na3 Be6 8. Nc4 Rb8 9. Nd5 Bxd5 10. exd5 Nce7 11. a4 Nf6 12. Ne3 g6 13. c4 Bh6 14. Be2 O-O 15. O-O a5 16. b3 Ne4 17. Bd3 Nc5 18. Bc2 f5 19. Ba3 b6 20. b4 axb4 21. Bxb4 Bg7 22. f4 exf4 23. Rxf4 Nc8 24. Rb1 Be5 25. Rf3 Qh4 26. Rh3 Qg5 27. Kh1 Ne7 28. a5 bxa5 29. Bxc5 Rxb1 30. Bxb1 dxc5 31. d6 Rd8 32. d7 Bd4 33. Rg3 Qf4 34. Rf3 Qe5 35. Nf1 Rxd7 36. Qa4 Qc7 37. Bc2 Nc6 38. Qb5 Ne5 39. Ra3 Ng4 40. Qxa5 Qxa5 41. Rxa5 Re7 42. h3 Re1 43. hxg4 Rxf1+ 44. Kh2 Be5+ 45. g3 Rf2+ 46. Kh3 Rxc2 47. Rxc5 fxg4+ 48. Kxg4 Bd6 49. Rc6 Be7 50. Kf4 Kf7 51. g4 Rf2+ 52. Ke4 g5 53. Kd5 Rf4 54. Rh6 Kg7 55. Re6 Bf6 56. c5 Kf7 57. Ra6 Rd4+ 58. Kc6 Rxg4 59. Ra7+ Ke6 60. Rxh7 Rc4 61. Kb5 Rc2 62. c6 Be5 63. Rh6+ Kf5 64. Rh5 Kg6 65. Rh1 g4 66. Re1 Kf5 67. Rf1+ Bf4 0-1

[Event "Romanian Superliga Women 2024"]
[Site "Mamaia"]
[Date "2024.10.03"]
[Round "4.11"]
[White "Dragomirescu, Angela"]
[Black "Iordache, Alexia-Andreea"]
[Result "1/2-1/2"]
[ECO "E60"]
[WhiteElo "2100"]
[BlackElo "2014"]
[Annotator "NA RC"]
[PlyCount "179"]
[EventDate "2024.09.26"]
[EventType "team-tourn"]
[EventCountry "ROU"]
[SourceTitle "playchess.com"]
[Source "ChessBase"]
[SourceQuality "1"]
[TimeControl "40/5400+30:1800+30"]

1. b3 d6 2. d4 Nf6 3. Bb2 g6 4. g3 Bg7 5. Bg2 O-O 6. Nf3 c5 7. c4 Ne4 8. Nfd2 Ng5 9. h4 Ne6 10. Nf3 Nc6 11. e3 cxd4 12. exd4 Qb6 13. O-O Ncxd4 14. Nc3 Nxf3+ 15. Qxf3 Qd8 16. Rad1 Rb8 17. Rfe1 b6 18. Qe3 Re8 19. Bc1 Nc7 20. h5 Qd7 21. hxg6 hxg6 22. Qd3 Ba6 23. a4 Rbd8 24. Be3 Qf5 25. Be4 Qf6 26. Nb5 Bxb5 27. axb5 Qc3 28. Bc6 Rf8 29. Bg5 Qxd3 30. Rxd3 f6 31. Rxe7 Rf7 32. Rxf7 Kxf7 33. Bf4 Bf8 34. Rd2 a6 35. bxa6 Nxa6 36. Ra2 Nb4 37. Ra7+ Ke6 38. Bf3 d5 39. Bc7 Rc8 40. Rb7 dxc4 41. bxc4 f5 42. Kg2 Be7 43. Bd1 Nd3 44. Be2 Nc5 45. Rxb6+ Kf7 46. Bf4 Ne4 47. Be3 Ra8 48. Bf3 Rc8 49. Be2 Rc7 50. g4 Rc8 51. gxf5 gxf5 52. Bh5+ Kg7 53. Rb7 Kf6 54. Rb6+ Kg7 55. Rg6+ Kh7 56. Re6 Rg8+ 57. Kf1 Bg5 58. Ke2 Bxe3 59. Kxe3 Rg1 60. Bf3 Nc3 61. Kd2 Na4 62. Re7+ Kg6 63. Bd5 Rf1 64. f3 Kg5 65. Ra7 Nb6 66. Ke2 Rc1 67. Kd2 Rf1 68. Ke3 Rc1 69. f4+ Kh4 70. Rh7+ Kg4 71. Rg7+ Kh4 72. Kd4 Rd1+ 73. Ke5 Rc1 74. Kxf5 Nxc4 75. Bxc4 Rxc4 76. Ke5 Rc5+ 77. Ke6 Rc6+ 78. Kd5 Ra6 79. f5 Ra5+ 80. Ke6 Ra6+ 81. Kf7 Kh5 82. f6 Kh6 83. Rg8 Ra7+ 84. Ke6 Ra6+ 85. Ke5 Ra5+ 86. Ke4 Ra4+ 87. Ke3 Ra3+ 88. Kd4 Ra4+ 89. Kd5 Ra5+ 90. Ke4 1/2-1/2

[Event "Romanian Superliga Women 2024"]
[Site "Mamaia"]
[Date "2024.10.03"]
[Round "4.12"]
[White "Aldea, Maria-Antonia"]
[Black "Maria, Lia-Alexandra"]
[Result "1/2-1/2"]
[ECO "D11"]
[WhiteElo "1826"]
[BlackElo "2001"]
[Annotator "NA RC"]
[PlyCount "136"]
[EventDate "2024.09.26"]
[EventType "team-tourn"]
[EventCountry "ROU"]
[SourceTitle "playchess.com"]
[Source "ChessBase"]
[SourceQuality "1"]
[TimeControl "40/5400+30:1800+30"]

1. Nf3 d5 2. g3 c6 3. Bg2 Nf6 4. O-O Bf5 5. d4 h6 6. c4 e6 7. Nc3 Bd6 8. b3 Nbd7 9. Bb2 O-O 10. Nd2 Qe7 11. Qc1 e5 12. dxe5 Nxe5 13. Nd1 Rfe8 14. Ne3 Bh7 15. Nf3 Rac8 16. Nd4 Qd7 17. cxd5 cxd5 18. Qd1 Bc5 19. Rc1 h5 20. h4 Be4 21. f3 Bh7 22. Qd2 Qe7 23. Nec2 Nc6 24. e3 Bd6 25. Kh2 Ne5 26. Bh3 Nd3 27. Bxc8 Rxc8 28. Rb1 Qc7 29. Qg2 Ne5 30. Rbc1 Neg4+ 31. fxg4 Be4 32. Nf3 hxg4 33. Bxf6 gxf3 34. Qf2 gxf6 35. Nd4 Qxc1 36. Rxc1 Rxc1 37. Nxf3 Rc2 38. Nd2 Bb4 39. Nxe4 Rxf2+ 40. Nxf2 Bc5 41. Nd1 f5 42. Kg2 Kg7 43. Kf3 d4 44. exd4 Bxd4 45. Ne3 Kf6 46. a4 Bc5 47. Nc4 b6 48. Kf4 Bf8 49. Ke3 Ke6 50. Kf3 Bh6 51. Na3 a6 52. Nc4 b5 53. axb5 axb5 54. Na3 b4 55. Nc2 Bf8 56. Ke3 Bc5+ 57. Kf3 Ke5 58. h5 Bf8 59. h6 Bxh6 60. Nxb4 Bg5 61. Nc2 f4 62. g4 f5 63. gxf5 Kxf5 64. Ne1 Ke5 65. Nc2 Be7 66. Ne1 Kd4 67. Ng2 Kc3 68. Nxf4 Kxb3 1/2-1/2